[Event "Titled Tuesday Blitz August 16 Late 2022"]
[White "Ferreira, Vitor Hugo Vieira"]
[Black "Wiewiora, Eneasz"]
[WhiteFideId "2119765"]
[BlackFideId "1140396"]
[WhiteElo "2168"]
[BlackElo "2291"]
[Result "0-1"]
[Round "04"]
[TimeControl "180+1"]
[Date "2022.08.18"]
[WhiteClock "0:00:00"]
[BlackClock "0:00:00"]

1. d4 d6 2. e4 Nf6 3. Nc3 e5 4. Nf3 Nbd7 5. Be2 Be7 6. O-O O-O 7. h3 c6 8. Be3 b5 9. a3 a6 10. Qd2 Re8 11. Rfe1 Qc7 12. Rad1 Bf8 13. dxe5 dxe5 14. Bf1 a5 15. Bg5 h6 16. Bh4 b4 17. axb4 axb4 18. Nb1 Nh5 19. g4 Nf4 20. Bg3 Ng6 21. c3 bxc3 22. Nxc3 Nc5 23. Bc4 Be6 24. Bxe6 Nxe6 25. Qd7 Qb6 26. Na4 Qb4 27. Nc3 Qb6 28. Na4 Qa6 29. Ra1 Rad8 30. Nc5 Qb5 0-1


[Site "https://www.chess.com"]

[Event "Titled Tuesday Blitz August 16 Late 2022"]
[White "Floresvillar Gonzalez, Luis Migu"]
[Black "Novikova, Galina"]
[WhiteFideId "5100542"]
[BlackFideId "4157095"]
[WhiteElo "2040"]
[BlackElo "1923"]
[Result "1-0"]
[Round "04"]
[TimeControl "180+1"]
[Date "2022.08.18"]
[WhiteClock "0:00:00"]
[BlackClock "0:00:00"]

1. e4 e6 2. b3 d5 3. Bb2 dxe4 4. Nc3 Nf6 5. g4 h6 6. Bg2 Nc6 7. h3 Nd4 8. Nge2 Nf3+ 9. Bxf3 exf3 10. Ng3 b6 11. Qxf3 Rb8 12. Qc6+ Bd7 13. Qc4 Be7 14. O-O-O O-O 15. Nce4 c5 16. f4 Bc6 17. Rhe1 b5 18. Qe2 c4 19. g5 Nxe4 20. Nxe4 hxg5 21. Nxg5 Bxg5 22. fxg5 Qd5 23. g6 fxg6 24. Qxe6+ Qxe6 25. Rxe6 Bf3 26. Rg1 Bh5 27. Re7 Rf7 28. Rxf7 Kxf7 29. Bd4 a5 30. c3 cxb3 31. axb3 a4 32. b4 Rb7 33. d3 Re7 34. Rg2 Be2 35. Kd2 Bh5 36. Rf2+ Ke8 37. c4 bxc4 38. dxc4 Rd7 39. Kc3 Kd8 40. Ra2 Rf7 41. Rxa4 Rf3+ 42. Kd2 Rxh3 43. Ra7 Rh2+ 44. Kc3 g5 45. Rxg7 g4 46. Rg5 Rh3+ 47. Kd2 g3 48. b5 Bf3 49. c5 g2 50. c6 1-0


[Site "https://www.chess.com"]

[Event "Titled Tuesday Blitz August 16 Late 2022"]
[White "Foerster-Yialamas, Lucas"]
[Black "Carbone, Diego"]
[WhiteFideId "30901774"]
[BlackFideId "3002179"]
[WhiteElo "1804"]
[BlackElo "2199"]
[Result "1-0"]
[Round "04"]
[TimeControl "180+1"]
[Date "2022.08.18"]
[WhiteClock "0:00:00"]
[BlackClock "0:00:00"]

1. e4 e5 2. Nf3 Nc6 3. Bb5 a6 4. Bxc6 dxc6 5. O-O Bg4 6. h3 h5 7. c3 Qf6 8. d4 exd4 9. cxd4 O-O-O 10. Be3 Ne7 11. Re1 Bxf3 12. Qxf3 Qxf3 13. gxf3 Ng6 14. Nc3 Nh4 15. Red1 Nxf3+ 16. Kf1 Be7 17. d5 cxd5 18. Nxd5 Bd6 19. Rac1 Kb8 20. Ke2 Nh4 21. Bg5 Rde8 22. f3 Ng6 23. Be3 f6 24. a3 Ne7 25. b4 Nxd5 26. Rxd5 g5 27. Bc5 Bf4 28. Be3 Be5 29. Bd4 Bxd4 30. Rxd4 Re7 31. Ke3 Rhe8 32. Rc5 Re5 33. Rxe5 Rxe5 34. Rd7 Ka7 35. Rf7 Re6 36. h4 Kb6 37. Rh7 gxh4 38. Rxh5 Re5 39. Rxh4 Kb5 40. Rh7 Ka4 41. Rxc7 Rb5 42. Rc3 a5 43. bxa5 Kxa5 44. Kf4 Ka4 45. Kg4 Re5 46. Re3 b5 47. f4 Rc5 48. e5 fxe5 49. fxe5 Rc1 50. e6 1-0


[Site "https://www.chess.com"]

[Event "Titled Tuesday Blitz August 16 Late 2022"]
[White "Fus, Jakub"]
[Black "Kamsky, Gata"]
[WhiteFideId "1193023"]
[BlackFideId "2000024"]
[WhiteElo "2220"]
[BlackElo "2666"]
[Result "1-0"]
[Round "04"]
[TimeControl "180+1"]
[Date "2022.08.16"]
[WhiteClock "0:00:13"]
[BlackClock "0:01:01"]

1. Nf3 Nf6 2. c4 g6 3. Nc3 Bg7 4. e4 d6 5. d4 O-O 6. Be2 Bg4 7. Be3 Bxf3 8. Bxf3 e5 9. d5 a5 10. h4 h5 11. c5 Nbd7 12. c6 bxc6 13. dxc6 Nb8 14. Qa4 Ra6 15. Be2 Rxc6 16. Bb5 Rxc3 17. bxc3 c6 18. Be2 d5 19. exd5 Nxd5 20. Bd2 e4 21. O-O Qxh4 22. g3 Qe7 23. Rfe1 Nxc3 24. Bxc3 Bxc3 25. Bc4 Bxa1 26. Rxa1 e3 27. Qc2 Nd7 28. Qxg6+ Kh8 29. Qxh5+ Kg7 30. Qg4+ Kh6 31. Kg2 Qg5 32. Rh1+ Kg6 33. Qxd7 exf2 34. Bd3+ Kg7 35. Rh4 Rd8 36. Qg4 f6 37. Rh7+ Kf8 38. Qxg5 fxg5 39. Rh8+ Ke7 40. Rxd8 Kxd8 41. Kxf2 1-0


[Site "https://www.chess.com"]

[Event "Titled Tuesday Blitz August 16 Late 2022"]
[White "Gascon Del Nogal, Jose Rafael"]
[Black "Gallana, Marco"]
[WhiteFideId "3902463"]
[BlackFideId "824542"]
[WhiteElo "2473"]
[BlackElo "2290"]
[Result "0-1"]
[Round "04"]
[TimeControl "180+1"]
[Date "2022.08.18"]
[WhiteClock "0:00:00"]
[BlackClock "0:00:00"]

1. e4 c5 2. Nf3 Nc6 3. d4 cxd4 4. Nxd4 e5 5. Nb5 d6 6. N1c3 a6 7. Na3 Nf6 8. Bg5 Be7 9. Bxf6 Bxf6 10. Nc4 O-O 11. Qxd6 Nd4 12. O-O-O Be6 13. Nd5 Bg5+ 14. Kb1 b5 15. Qxd8 Bxd8 16. Nxe5 Bxd5 17. exd5 Nf5 18. Bd3 Nd6 19. Rhe1 g6 20. Nd7 Re8 21. Rxe8+ Nxe8 22. Re1 Nd6 23. Ne5 Bf6 24. c3 Re8 25. f4 Kg7 26. Kc2 g5 27. g3 h5 28. Kd2 h4 29. Ng4 Rh8 30. Nxf6 Kxf6 31. fxg5+ Kxg5 32. gxh4+ Rxh4 33. Re2 Kf6 34. b3 a5 35. a3 a4 36. Kc2 Rh3 37. bxa4 bxa4 38. c4 Nb7 39. Rf2+ Ke7 40. Kc3 Nc5 41. Rd2 Ne4+ 42. Kc2 Nxd2 43. Kxd2 Rxh2+ 44. Ke3 Kd6 45. Kd4 Rh4+ 46. Ke3 Kc5 47. Kf3 Rd4 48. Be2 Rd2 49. Ke3 Ra2 50. Ke4 Rxa3 51. Bg4 Rc3 52. Ke5 Rxc4 53. Bf5 Rd4 54. d6 Rxd6 0-1


[Site "https://www.chess.com"]

[Event "Titled Tuesday Blitz August 16 Late 2022"]
[White "Gheorghiu, Calin"]
[Black "Lagowski, Patryk"]
[WhiteFideId "1200305"]
[BlackFideId "1114611"]
[WhiteElo "2168"]
[BlackElo "2274"]
[Result "1-0"]
[Round "04"]
[TimeControl "180+1"]
[Date "2022.08.18"]
[WhiteClock "0:00:00"]
[BlackClock "0:00:00"]

1. d4 g6 2. e4 Bg7 3. Nc3 d6 4. f4 Nc6 5. d5 Nb8 6. Nf3 c5 7. Be2 Nf6 8. O-O O-O 9. e5 Ne8 10. Be3 a6 11. a4 Nd7 12. e6 fxe6 13. dxe6 Ndf6 14. Bc4 Nc7 15. Ng5 d5 16. Nf7 Rxf7 17. exf7+ Kf8 18. Bxc5 Bg4 19. Be2 Bf5 20. Bf3 Kxf7 21. Bb6 e6 22. g4 Be4 23. Bxe4 dxe4 24. Qxd8 Rxd8 25. Bxc7 Rd2 26. Be5 Nxg4 27. Bxg7 Kxg7 28. Nxe4 Rxc2 29. Nf2 Ne3 30. Rfe1 Nf5 31. Rac1 Rxb2 32. Rb1 Ra2 33. Rxb7+ Kh6 34. Ng4+ Kh5 35. Nf6+ Kh6 36. Rxh7# 1-0


[Site "https://www.chess.com"]

[Event "Titled Tuesday Blitz August 16 Late 2022"]
[White "Goldin, Alexander"]
[Black "Akbas, Umut Ata"]
[WhiteFideId "2019540"]
[BlackFideId "44572646"]
[WhiteElo "2591"]
[BlackElo "1654"]
[Result "0-1"]
[Round "04"]
[TimeControl "180+1"]
[Date "2022.08.16"]
[WhiteClock "0:00:03"]
[BlackClock "0:00:44"]

1. d4 d5 2. c4 dxc4 3. e3 a6 4. Bxc4 Nf6 5. Nf3 b5 6. Be2 Bb7 7. O-O Nbd7 8. b3 e6 9. Bb2 Bd6 10. Nbd2 O-O 11. Ne5 c5 12. Nxd7 Nxd7 13. Bf3 Bxf3 14. Nxf3 Rc8 15. Rc1 Qe7 16. Qe2 e5 17. dxc5 Nxc5 18. Rfd1 e4 19. Nd4 Nd3 20. Rxc8 Rxc8 21. Ba1 Be5 22. f3 Nc5 23. Rc1 exf3 24. Qxf3 Qd7 25. h3 Ne6 26. Rd1 Bxd4 27. Bxd4 Rd8 28. Rd2 h6 29. Bc3 Qc8 30. Rxd8+ Qxd8 31. e4 Qc7 32. Qe3 Qc6 33. e5 Qd5 34. Kh2 g5 35. Be1 Nf4 36. Qg3 Qxe5 37. Bd2 Kh7 38. h4 Kg6 39. hxg5 hxg5 40. Be3 Kf5 41. Bd2 Qe4 42. Bc3 Ne2 43. Qh3+ Kg6 44. Bd2 Qe5+ 45. Kh1 Ng3+ 46. Kg1 Qd4+ 47. Kh2 Nf1+ 0-1


[Site "https://www.chess.com"]

[Event "Titled Tuesday Blitz August 16 Late 2022"]
[White "Goltsev, Dmitry"]
[Black "Ambartsumova, Karina"]
[WhiteFideId "24176710"]
[BlackFideId "4166299"]
[WhiteElo "2258"]
[BlackElo "2262"]
[Result "1-0"]
[Round "04"]
[TimeControl "180+1"]
[Date "2022.08.16"]
[WhiteClock "0:01:38"]
[BlackClock "0:00:02"]

1. e4 e5 2. Nf3 Nc6 3. Bb5 Nf6 4. O-O Nxe4 5. d4 Nd6 6. Bxc6 dxc6 7. dxe5 Nf5 8. Qxd8+ Kxd8 9. Rd1+ Ke8 10. Bg5 Be6 11. Nc3 h6 12. Bd2 Be7 13. b3 Rd8 14. Ne4 Rd5 15. c4 Rd7 16. Bc3 Kd8 17. g4 Nh4 18. Nxh4 Bxh4 19. Nc5 Rxd1+ 20. Rxd1+ Kc8 21. h3 Be7 22. Nxe6 fxe6 23. Kg2 Rf8 24. Kg3 Bc5 25. f4 Be3 26. Rf1 g5 27. f5 Bf4+ 28. Rxf4 gxf4+ 29. Kxf4 Kd7 30. h4 Ke8 31. f6 Kf7 32. h5 Rd8 33. Ke4 Rd1 34. Bd4 Kg8 35. Be3 Kh7 36. Bxa7 b6 37. Bb8 Rd7 38. b4 c5 39. bxc5 bxc5 40. a4 Rd4+ 41. Kf3 Rxc4 42. a5 Ra4 43. Bxc7 Kg8 44. Bb6 c4 45. Be3 c3 46. Bxh6 c2 47. g5 Rxa5 48. g6 Ra3+ 49. Ke2 1-0


[Site "https://www.chess.com"]

[Event "Titled Tuesday Blitz August 16 Late 2022"]
[White "Golubev, Mikhail"]
[Black "Zenin, Dmitry"]
[WhiteFideId "14100983"]
[BlackFideId "4127897"]
[WhiteElo "2374"]
[BlackElo "2215"]
[Result "1-0"]
[Round "04"]
[TimeControl "180+1"]
[Date "2022.08.18"]
[WhiteClock "0:00:00"]
[BlackClock "0:00:00"]

1. d4 Nf6 2. c4 g6 3. Nc3 Bg7 4. e4 d6 5. Be2 O-O 6. Be3 e5 7. d5 Na6 8. g4 Nc5 9. f3 a5 10. Nh3 h5 11. Nf2 hxg4 12. fxg4 Nh7 13. h4 f5 14. h5 f4 15. Bxc5 dxc5 16. hxg6 Ng5 17. Bf3 Rf6 18. Qe2 Rxg6 19. O-O-O Nf7 20. Rh5 Nd6 21. Rdh1 Bd7 22. Nd3 Nxc4 23. Nxf4 exf4 24. Qxc4 b5 25. Qxc5 Qf8 26. Qxc7 b4 27. Qxd7 bxc3 28. Rh8+ 1-0


[Site "https://www.chess.com"]

[Event "Titled Tuesday Blitz August 16 Late 2022"]
[White "Goryachkina, Aleksandra"]
[Black "Miszler, Levente"]
[WhiteFideId "4147103"]
[BlackFideId "763276"]
[WhiteElo "2426"]
[BlackElo "1966"]
[Result "1-0"]
[Round "04"]
[TimeControl "180+1"]
[Date "2022.08.18"]
[WhiteClock "0:00:00"]
[BlackClock "0:00:00"]

1. e4 e6 2. d4 d5 3. Nc3 Nf6 4. Bg5 Be7 5. e5 Nfd7 6. h4 h6 7. Bxe7 Qxe7 8. Qg4 O-O 9. O-O-O a6 10. f4 f5 11. exf6 Nxf6 12. Qf3 c5 13. dxc5 Nbd7 14. g4 Nxc5 15. g5 Nfe4 16. Nxe4 Nxe4 17. gxh6 gxh6 18. Bd3 Qf6 19. Ne2 Bd7 20. Bxe4 dxe4 21. Qg2+ Kh8 22. Rxd7 Rad8 23. Rxd8 Rxd8 24. Qxe4 Qg7 25. Qe5 Rd5 26. Qxg7+ Kxg7 27. Rd1 Rh5 28. Rd7+ Kf6 29. Rxb7 Rxh4 30. c4 Rh2 31. Kd2 h5 32. c5 h4 33. c6 1-0


[Site "https://www.chess.com"]

[Event "Titled Tuesday Blitz August 16 Late 2022"]
[White "Graif, William"]
[Black "Alexikov, Alexander"]
[WhiteFideId "2609835"]
[BlackFideId "14103958"]
[WhiteElo "1942"]
[BlackElo "2253"]
[Result "1-0"]
[Round "04"]
[TimeControl "180+1"]
[Date "2022.08.18"]
[WhiteClock "0:00:00"]
[BlackClock "0:00:00"]

1. d4 Nf6 2. Nc3 g6 3. e4 d6 4. Bf4 Bg7 5. Qd2 O-O 6. O-O-O c6 7. Bh6 b5 8. Bd3 e5 9. Bxg7 Kxg7 10. dxe5 dxe5 11. Kb1 Qc7 12. h4 h5 13. f3 Be6 14. g4 hxg4 15. h5 Rh8 16. Nge2 Rxh5 17. Ng3 Rh7 18. Rxh7+ Nxh7 19. Rh1 g5 20. Nh5+ Kf8 21. Ng3 Kg8 22. Rxh7 Kxh7 23. Qxg5 Nd7 24. Nf5 Bxf5 25. exf5 f6 26. Qg6+ Kh8 27. Ne4 Rf8 28. Qh6+ Kg8 29. Qg6+ Kh8 30. fxg4 Qd8 31. Qh6+ Kg8 32. Qg6+ Kh8 33. g5 1-0


[Site "https://www.chess.com"]

[Event "Titled Tuesday Blitz August 16 Late 2022"]
[White "Grischuk, Alexander"]
[Black "Krzyzanowski, Marcin"]
[WhiteFideId "4126025"]
[BlackFideId "1132199"]
[WhiteElo "2762"]
[BlackElo "2396"]
[Result "1/2-1/2"]
[Round "04"]
[TimeControl "180+1"]
[Date "2022.08.16"]
[WhiteClock "0:00:09"]
[BlackClock "0:00:27"]

1. d4 Nf6 2. c4 g6 3. Bg5 Bg7 4. Nc3 h6 5. Bd2 d6 6. Nf3 Nc6 7. d5 Nb8 8. h3 e5 9. e4 a5 10. Be3 Na6 11. g4 Nd7 12. a3 Ndc5 13. b4 Nd7 14. Rg1 O-O 15. Rg3 Kh7 16. g5 h5 17. c5 dxc5 18. b5 Nab8 19. Nd2 Re8 20. Nc4 Bf8 21. Be2 Nb6 22. Nxb6 cxb6 23. Bxh5 c4 24. Be2 Nd7 25. h4 Nc5 26. h5 Bd7 27. Kf1 Rc8 28. Kg2 Nd3 29. Bxd3 cxd3 30. Qxd3 Qc7 31. hxg6+ fxg6 32. Bd2 Qc4 33. Rh1+ Kg8 34. Qf3 Bg7 35. a4 Rf8 36. Qe3 Qd4 37. Rf3 Rxf3 38. Kxf3 Rf8+ 39. Kg3 Rc8 40. Ra1 Rc4 41. Ra2 Bf8 42. Ne2 Qxe3+ 43. Bxe3 Rxe4 44. Bxb6 Rg4+ 45. Kh2 Bb4 46. Ng3 Rxg5 47. Be3 Rg4 48. Rc2 Bd6 49. Bc5 Bxc5 50. Rxc5 Rh4+ 51. Kg2 Rxa4 52. Rc7 Bxb5 53. Rxb7 Bc4 54. Rd7 Bb5 55. Rd6 Kf7 56. Kf3 Rd4 57. Ke3 Bc4 58. Rd7+ Ke8 59. Rg7 Rxd5 60. Rxg6 a4 61. Rc6 Rd3+ 62. Ke4 Bd5+ 63. Kxd3 Bxc6 64. Kc3 Ke7 65. Kb4 Ke6 66. Nf1 Kf5 67. Ne3+ Kf4 68. Nc4 e4 69. Nd2 Bd7 70. Ka3 Bc6 71. Nxe4 Kxe4 72. Kb2 Kd4 73. Ka1 Kc3 74. f4 Be8 75. f5 Bf7 76. f6 Kb3 77. Kb1 a3 78. Ka1 a2 1/2-1/2


[Site "https://www.chess.com"]

[Event "Titled Tuesday Blitz August 16 Late 2022"]
[White "Grot, Blazej"]
[Black "D`Arruda, Ricardo D."]
[WhiteFideId "21835845"]
[BlackFideId "100692"]
[WhiteElo "1614"]
[BlackElo "2271"]
[Result "0-1"]
[Round "04"]
[TimeControl "180+1"]
[Date "2022.08.18"]
[WhiteClock "0:00:00"]
[BlackClock "0:00:00"]

1. e4 c5 2. Nc3 Nc6 3. Bb5 e6 4. Bxc6 bxc6 5. d3 d5 6. f4 Nf6 7. Nf3 Be7 8. O-O O-O 9. e5 Nd7 10. Kh1 c4 11. f5 cxd3 12. Qxd3 Nc5 13. Qe2 Ba6 14. Qf2 Bxf1 15. Qxf1 exf5 16. Be3 Ne4 17. Nxe4 fxe4 18. Nd4 Qd7 19. Qf4 f5 20. Rf1 g6 21. Qf2 c5 22. Qf4 cxd4 23. Qxf5 Rxf5 0-1


[Site "https://www.chess.com"]

[Event "Titled Tuesday Blitz August 16 Late 2022"]
[White "Gubajdullin, Alexei"]
[Black "Bortnyk, Olexandr"]
[WhiteFideId "4141202"]
[BlackFideId "14120828"]
[WhiteElo "2214"]
[BlackElo "2723"]
[Result "0-1"]
[Round "04"]
[TimeControl "180+1"]
[Date "2022.08.16"]
[WhiteClock "0:00:01"]
[BlackClock "0:01:17"]

1. Nf3 d6 2. g3 Nf6 3. Bg2 g6 4. O-O Bg7 5. c4 O-O 6. Nc3 Nbd7 7. d3 e5 8. Rb1 a5 9. a3 Re8 10. Bg5 h6 11. Bxf6 Nxf6 12. Nd2 c6 13. b4 axb4 14. axb4 d5 15. b5 Be6 16. Qb3 e4 17. dxe4 dxc4 18. Qc2 Ra3 19. bxc6 bxc6 20. Nd1 Qd4 21. Ne3 c3 22. Nb3 Bxb3 23. Rxb3 Rxb3 24. Qxb3 Nxe4 25. Bxe4 Qxe4 26. Rd1 Re7 27. Nc2 Qxe2 28. Re1 Qxe1+ 29. Nxe1 Rxe1+ 30. Kg2 Re2 31. Kf3 c2 32. Qc4 Bb2 33. Kxe2 c1=Q 0-1


[Site "https://www.chess.com"]

[Event "Titled Tuesday Blitz August 16 Late 2022"]
[White "Hansen, Eric"]
[Black "Fier, Alexandr"]
[WhiteFideId "2606771"]
[BlackFideId "2107139"]
[WhiteElo "2568"]
[BlackElo "2598"]
[Result "1-0"]
[Round "04"]
[TimeControl "180+1"]
[Date "2022.08.16"]
[WhiteClock "0:00:06"]
[BlackClock "0:00:17"]

1. e4 Nf6 2. e5 Nd5 3. c4 Nb6 4. d4 d6 5. exd6 exd6 6. Nc3 Nc6 7. Be3 Be7 8. Rc1 O-O 9. Bd3 Bf6 10. Nge2 Nb4 11. O-O Nxd3 12. Qxd3 c6 13. Ng3 d5 14. b3 Be6 15. Nce2 a5 16. Nf4 Re8 17. Rfd1 a4 18. c5 Nc8 19. b4 Na7 20. Nge2 Bg4 21. Re1 Bxe2 22. Nxe2 Nb5 23. Nc3 Nxc3 24. Qxc3 Re4 25. f3 Re6 26. Bf2 Rxe1+ 27. Rxe1 Qd7 28. Qd3 g6 29. Kf1 Kg7 30. a3 h5 31. Bg3 Kg8 32. Be5 Bh4 33. Rb1 Bd8 34. b5 Ba5 35. bxc6 bxc6 36. Qc2 Bd8 37. Rb4 Qa7 38. Kf2 Kh7 39. g3 Qa6 40. h4 Ba5 41. Rb1 Bd8 42. Kg2 Kg8 43. Qd2 f6 44. Bd6 Kh7 45. Qc2 Qc4 46. Qxc4 dxc4 47. Rc1 f5 48. Rxc4 Bf6 49. Rb4 Kg8 50. f4 Kf7 51. Be5 Bd8 52. Kf3 Ke6 53. Ke3 Ra7 54. Kd3 Be7 55. Kc4 Ra6 56. Rb6 Rxb6 57. cxb6 Bxa3 58. b7 1-0


[Site "https://www.chess.com"]

[Event "Titled Tuesday Blitz August 16 Late 2022"]
[White "Harshavardhan G B"]
[Black "Adewumi, Tanitoluwa"]
[WhiteFideId "25059009"]
[BlackFideId "30966396"]
[WhiteElo "1890"]
[BlackElo "2563"]
[Result "0-1"]
[Round "04"]
[TimeControl "180+1"]
[Date "2022.08.16"]
[WhiteClock "0:00:19"]
[BlackClock "0:00:15"]

1. d4 Nf6 2. c4 e6 3. Nf3 b6 4. g3 Ba6 5. Nbd2 Bb4 6. Qc2 c5 7. Bg2 Bb7 8. a3 Bxd2+ 9. Qxd2 Nc6 10. dxc5 bxc5 11. O-O O-O 12. b4 Qe7 13. b5 Nb8 14. a4 d5 15. Ba3 Nbd7 16. cxd5 exd5 17. Nd4 Ne4 18. Qc2 Rac8 19. Nb3 Rfe8 20. Rad1 Qe6 21. Na5 Ba8 22. e3 d4 23. Rfe1 Nc3 24. Rd2 Bxg2 25. Kxg2 Ne4 26. Rdd1 Nc3 27. Rc1 Qd5+ 28. Kg1 Ne5 29. e4 Nf3+ 30. Kh1 Nxe4 31. Re2 d3 32. Qd1 Nd4 33. Rxe4 Rxe4 34. Kg1 Rce8 35. Bxc5 Re1+ 36. Qxe1 Rxe1+ 37. Rxe1 Nf3+ 38. Kf1 Nd2+ 39. Kg1 Nf3+ 40. Kf1 Nxe1 41. Kxe1 Qxc5 42. Kd2 Qb4+ 43. Kxd3 Qxa5 44. Kc4 Qxa4+ 45. Kc5 Qa5 46. Kc6 Qb6+ 47. Kd5 Qxf2 48. Kc6 Qb6+ 49. Kd5 a6 50. bxa6 Qxa6 51. g4 Qh6 52. g5 Qxh2 53. Ke4 Qg3 54. Kf5 Qxg5+ 55. Ke4 h5 56. Kf3 h4 57. Kf2 h3 58. Kf1 h2 59. Kf2 h1=Q 60. Ke2 Qe4+ 61. Kd1 Qgd5+ 62. Kc1 Qec4+ 63. Kb2 Qdb5+ 64. Ka3 Qca4# 0-1


[Site "https://www.chess.com"]

[Event "Titled Tuesday Blitz August 16 Late 2022"]
[White "Ibarra Jerez, Jose Carlos"]
[Black "Vlassov, Nikolai"]
[WhiteFideId "2226332"]
[BlackFideId "4103360"]
[WhiteElo "2628"]
[BlackElo "2324"]
[Result "0-1"]
[Round "04"]
[TimeControl "180+1"]
[Date "2022.08.16"]
[WhiteClock "0:00:15"]
[BlackClock "0:01:07"]

1. e4 c5 2. Nf3 d6 3. Nc3 Nf6 4. d4 cxd4 5. Nxd4 g6 6. Be3 a6 7. f3 Nbd7 8. Qd2 Qc7 9. O-O-O b5 10. Kb1 Bb7 11. g4 Nb6 12. g5 Nfd7 13. Qf2 Rc8 14. Bd3 Bg7 15. f4 b4 16. Nce2 Nc4 17. Bc1 a5 18. f5 Qb6 19. Rhf1 O-O 20. Qg1 a4 21. Bxc4 Rxc4 22. b3 axb3 23. axb3 Rc5 24. Ng3 Ra8 25. Bb2 Qa6 26. f6 exf6 27. gxf6 Nxf6 28. Ndf5 Ra5 29. Qd4 gxf5 30. Nxf5 Bxe4 31. Nxg7 Ra1+ 32. Bxa1 Qa2+ 33. Kc1 Qxc2# 0-1


[Site "https://www.chess.com"]

[Event "Titled Tuesday Blitz August 16 Late 2022"]
[White "Isajevsky, Anton"]
[Black "Csonka, Balazs"]
[WhiteFideId "4142500"]
[BlackFideId "742910"]
[WhiteElo "2510"]
[BlackElo "2404"]
[Result "1-0"]
[Round "04"]
[TimeControl "180+1"]
[Date "2022.08.16"]
[WhiteClock "0:00:01"]
[BlackClock "0:00:01"]

1. c4 e6 2. Nf3 d5 3. e3 Nf6 4. Nc3 b6 5. cxd5 exd5 6. d4 Bb7 7. g3 Bd6 8. Bg2 Ba6 9. Ne2 O-O 10. O-O Re8 11. Re1 Nc6 12. Nf4 Bxf4 13. exf4 Rxe1+ 14. Qxe1 Qd6 15. Be3 Ne4 16. Ne5 f6 17. Nxc6 Qxc6 18. Rc1 Qd7 19. Qb4 c6 20. f5 Re8 21. Qa4 Bb5 22. Qc2 Rc8 23. a4 Ba6 24. g4 h5 25. h3 hxg4 26. hxg4 Bb7 27. b3 c5 28. dxc5 bxc5 29. Bxe4 dxe4 30. Rd1 Qf7 31. Bxc5 e3 32. fxe3 Qe8 33. b4 Be4 34. Qc4+ Kh7 35. Kf2 Qc6 36. Kg3 Qc7+ 37. Kh3 Rh8 38. Rd2 1-0


[Site "https://www.chess.com"]

[Event "Titled Tuesday Blitz August 16 Late 2022"]
[White "Janaszak, Dawid"]
[Black "Kravtsiv, Martyn"]
[WhiteFideId "1119206"]
[BlackFideId "14113147"]
[WhiteElo "2165"]
[BlackElo "2694"]
[Result "1-0"]
[Round "04"]
[TimeControl "180+1"]
[Date "2022.08.16"]
[WhiteClock "0:00:08"]
[BlackClock "0:00:02"]

1. d4 d5 2. Bf4 Nf6 3. Nf3 c5 4. e3 Nc6 5. c3 e6 6. Nbd2 Bd6 7. Bxd6 Qxd6 8. Bb5 O-O 9. O-O Bd7 10. Bxc6 Bxc6 11. Ne5 Bb5 12. Re1 b6 13. a4 Ba6 14. a5 Rfb8 15. b4 cxb4 16. cxb4 Bb5 17. Qb3 h6 18. h3 Rc8 19. Rec1 Rab8 20. Rc3 bxa5 21. bxa5 Ba6 22. Rxc8+ Rxc8 23. Qb2 Qc7 24. Qa3 Ne4 25. Nxe4 dxe4 26. f4 f6 27. Ng4 Qc3 28. Qxc3 Rxc3 29. Kf2 h5 30. Nh2 Rc2+ 31. Kg1 Bd3 32. Ra3 Rc1+ 33. Kf2 Rc2+ 34. Kg1 Rb2 35. Rc3 Ra2 36. Rc5 a6 37. g4 h4 38. g5 f5 39. d5 exd5 40. g6 Kf8 41. Rxd5 Ke7 42. Rxf5 Ra1+ 43. Kg2 Ra2+ 44. Kg1 Ke6 45. Rg5 Kf6 46. Ng4+ Ke6 47. Re5+ Kd6 48. Rh5 Ra1+ 49. Kg2 Ra2+ 50. Kg1 Ra1+ 51. Kg2 Ke6 52. Rh7 Ra2+ 53. Kg1 Ra1+ 54. Kg2 Bf1+ 55. Kh2 Ra2+ 56. Kg1 Bxh3 57. Rxh4 Rg2+ 58. Kh1 Rxg4 59. Rxh3 Rxg6 60. Rh5 Kd6 61. Re5 Re6 62. Rg5 g6 63. Kg1 Ke7 64. Kf2 Kf6 65. Rc5 Rd6 66. Kg3 Rd3 67. Rc6+ Kf5 68. Rc5+ Ke6 69. Rc6+ Kf7 70. Rxa6 Rxe3+ 71. Kg4 Re1 72. Rb6 e3 73. Kf3 Ra1 74. a6 Ra3 75. Ke2 Kg7 76. Kf3 Kh6 77. f5 Kg7 78. Rxg6+ Kf7 79. Re6 Kg7 80. Kf4 Kf7 81. Kg5 e2 82. Rxe2 Rxa6 83. Rb2 Kf8 84. Rh2 Kf7 85. Rh7+ Kg8 86. Rh3 Kf8 87. Re3 Kf7 88. Rd3 Kf8 89. Rd7 Ke8 90. Rb7 Kf8 91. f6 Ra1 92. Rb8+ Kf7 93. Rb7+ Kf8 94. Kg6 1-0


[Site "https://www.chess.com"]

[Event "Titled Tuesday Blitz August 16 Late 2022"]
[White "Kaganskiy, Gleb"]
[Black "Uskov, Artem"]
[WhiteFideId "4132025"]
[BlackFideId "34254854"]
[WhiteElo "2165"]
[BlackElo "2335"]
[Result "0-1"]
[Round "04"]
[TimeControl "180+1"]
[Date "2022.08.18"]
[WhiteClock "0:00:00"]
[BlackClock "0:00:00"]

1. e4 Nf6 2. e5 Nd5 3. d4 d6 4. Nf3 Bg4 5. Be2 e6 6. Ng5 Bf5 7. c4 Nb6 8. exd6 cxd6 9. O-O Be7 10. Nf3 O-O 11. Nc3 Nc6 12. h3 d5 13. c5 Nd7 14. Bf4 a6 15. Bd3 Bg6 16. Re1 b6 17. cxb6 Qxb6 18. Bxg6 hxg6 19. b3 Rfc8 20. Na4 Qb5 21. Rc1 Ba3 22. Rc2 Nb4 23. Rxc8+ Rxc8 24. Ng5 Nd3 25. Qg4 Nxe1 26. Qh4 Nf8 27. Bd2 f6 28. Bxe1 fxg5 0-1


[Site "https://www.chess.com"]

[Event "Titled Tuesday Blitz August 16 Late 2022"]
[White "Kalavannan, Koby"]
[Black "Shapiro, Daniel"]
[WhiteFideId "425753"]
[BlackFideId "2001780"]
[WhiteElo "1927"]
[BlackElo "2284"]
[Result "1-0"]
[Round "04"]
[TimeControl "180+1"]
[Date "2022.08.18"]
[WhiteClock "0:00:00"]
[BlackClock "0:00:00"]

1. d4 Nf6 2. c4 e6 3. g3 d5 4. Bg2 Bb4+ 5. Bd2 Be7 6. Nf3 c6 7. Qc2 O-O 8. O-O b6 9. a4 Bb7 10. a5 Ba6 11. b3 Nbd7 12. Rc1 Rc8 13. axb6 Qxb6 14. c5 Qb7 15. Nc3 e5 16. dxe5 Ng4 17. Qf5 Nxf2 18. Kxf2 Nxc5 19. Nd4 Qb6 20. Be3 Rce8 21. Nxc6 Qxc6 22. Nxd5 Qe6 23. Nxe7+ Rxe7 24. Qxe6 fxe6+ 25. Kg1 Nxb3 26. Rxa6 Nxc1 27. Bxc1 Rd8 28. Bf4 Rd1+ 29. Kf2 Rf7 30. Bf3 Re7 31. Bg5 Rf7 32. Rxe6 h6 33. Be3 Ra1 34. Re8+ Kh7 35. e6 Rc7 36. e7 Ra4 37. Rh8+ Kxh8 38. e8=Q+ Kh7 39. Be4+ 1-0


[Site "https://www.chess.com"]

[Event "Titled Tuesday Blitz August 16 Late 2022"]
[White "Karaev, Seit-Amet"]
[Black "Tanenbaum, Zachary"]
[WhiteFideId "4169549"]
[BlackFideId "2060850"]
[WhiteElo "2272"]
[BlackElo "2175"]
[Result "0-1"]
[Round "04"]
[TimeControl "180+1"]
[Date "2022.08.16"]
[WhiteClock "0:00:15"]
[BlackClock "0:00:06"]

1. e4 e5 2. f4 Nc6 3. Nf3 d6 4. Bc4 Bg4 5. O-O Nf6 6. d3 Nd4 7. fxe5 Bxf3 8. gxf3 dxe5 9. c3 Nc6 10. f4 Be7 11. f5 O-O 12. Be3 a6 13. a4 Nd7 14. Nd2 Bc5 15. Qf3 Qg5+ 16. Kf2 Nf6 17. Rg1 Bxe3+ 18. Qxe3 Ng4+ 19. Rxg4 Qxg4 20. Rg1 Qh4+ 21. Ke2 Qxh2+ 22. Kd1 Qh4 23. Nf3 Qf6 24. Kc2 b5 25. Bd5 Rab8 26. Bxc6 Qxc6 27. Nxe5 Qd6 28. Ng4 f6 29. e5 fxe5 30. Qg5 Kh8 31. f6 gxf6 32. Qh5 Qe7 33. Rh1 e4 34. d4 bxa4 35. Ne3 a3 36. b4 a2 37. Nf5 Qf7 38. Qh6 a5 39. Nh4 Rg8 40. Rf1 axb4 41. Rxf6 b3+ 42. Kb2 a1=Q+ 43. Kxa1 b2+ 44. Kb1 Qa2+ 45. Kxa2 b1=Q+ 46. Ka3 Qa1# 0-1


[Site "https://www.chess.com"]